 Dungeon Crawl Stone Soup version 0.30.1-3-gfc49f6343a (webtiles) character file.

Game seed: 3712946345846068583

194 cheesebisquit the Chopper (level 5, -7/47 HPs)
             Began as a Hill Orc Fighter on July 18, 2023.
             Was an Initiate of Beogh.
             Mangled by Menkaure (11 damage)
             ... on level 4 of the Dungeon.
             The game lasted 00:06:11 (2480 turns).

cheesebisquit the Chopper (Hill Orc Fighter)        Turns: 2480, Time: 00:06:12

Health: -7/47      AC: 10    Str: 19    XL:     5   Next: 73%
Magic:  5/5        EV:  7    Int: 10    God:    Beogh [......]
Gold:   139        SH:  4    Dex: 10    Spells: 4/4 levels left

rFire   . . .        a - +0 war axe
rCold   . . .        c - +0 buckler
rNeg    . . .        q - +0 chain mail
rPois   .            (no helmet)
rElec   .            p - +0 cloak
rCorr   .            (no gloves)
SInv    .            (no boots)
Will    .....        (no amulet) Stlth
                     (no ring)
HPRegen 0.27/turn    (no ring)
MPRegen 0.09/turn

%: no passive effects
@: no status effects
A: no striking features
a: Renounce Religion


You were on level 4 of the Dungeon.
You worshipped Beogh.
Beogh was noncommittal.
You visited 1 branch of the dungeon, and saw 4 of its levels.

You collected 139 gold pieces.

Inventory:

Hand Weapons
 a - a +0 war axe (weapon)
Missiles
 b - 3 boomerangs (quivered)
Armour
 c - a +0 buckler (worn)
 p - a +0 cloak (worn)
 q - a +0 chain mail (worn)
Wands
 l - a wand of flame (13)
 m - a wand of quicksilver (7)
Scrolls
 d - a scroll of fear {unknown}
 e - a scroll of vulnerability {unknown}
 f - 2 scrolls of immolation {unknown}
 h - a scroll of teleportation {unknown}
 j - 3 scrolls of fog {unknown}
 n - a scroll of poison {unknown}
Potions
 g - 2 potions of lignification {unknown}
 i - a potion of degeneration {unknown}
 k - a potion of curing {unknown}
 o - a potion of flight {unknown}


   Skills:
 + Level 4.6 Fighting
 * Level 5.2 Axes
 + Level 4.2 Armour
 + Level 4.2 Shields


You had 4 spell levels left.
You didn't know any spells.
Your spell library contained the following spells:

 Spells                   Type           Power      Damage    Failure   Level
 Cigotuvi's Dreadful Rot  Necr/Pois/Air  0%         N/A       99%         2
 Ignite Poison            Fire/Tmut/Pois 0%         N/A       100%        3
 Freezing Cloud           Conj/Ice/Air   0%         6-21      100%        5


Dungeon Overview and Level Annotations

Branches:
Dungeon (4/15)
 Temple: D:4-7

Altars:
Cheibriados

Annotations:
D:4 Grinder, Menkaure


Message History

Okay, then.
Found a scroll labelled AFOSIA HAQI.
Menkaure calls on the powers of darkness!
Your body is wracked with pain!
You hit Menkaure but do no damage. Menkaure closely misses you.
You hit Menkaure.
Menkaure is lightly damaged.
Menkaure barely misses you.
You hit Menkaure.
Menkaure is moderately damaged.
Menkaure hits you.
You slash Menkaure!
Menkaure is severely damaged.
Menkaure hits you!
* * * LOW HITPOINT WARNING * * *
You closely miss Menkaure.
Menkaure is severely damaged.
Menkaure points at you and mumbles some strange words.
Pain shoots through your body!
* * * LOW HITPOINT WARNING * * *
You barely miss Menkaure.
Menkaure is severely damaged.
Menkaure barely misses you.
Okay, then.
You hit Menkaure.
Menkaure is severely damaged.
Menkaure calls on the powers of darkness!
Your body is wracked with pain!
* * * LOW HITPOINT WARNING * * *
You hit Menkaure.
Menkaure is almost destroyed.
Menkaure hits you.
* * * LOW HITPOINT WARNING * * *
You barely miss Menkaure.
Menkaure is almost destroyed.
Menkaure barely misses you.
You hit Menkaure but do no damage.
Menkaure is almost destroyed.
Menkaure hits you!
You die...

.....##.. #####
......... #...#
........# ###...#####
........######..........
........##..<.)#...####
.........'...)..<..#
?.......##...)#....#
........##............
.......@##.........####
.......M##.........#
......>.##.........#
........##.....#####
##############.#


You could see Menkaure.

Vanquished Creatures
  An ogre (D:3)
  3 adders
  2 worms
  10 orcs
  8 endoplasms
  2 giant cockroaches
  2 goblins (D:1)
  5 hobgoblins
  7 jackals
  6 kobolds
  2 quokkas
  3 ball pythons
  9 bats
  A frilled lizard (D:1)
  7 rats
68 creatures vanquished.

Notes
Turn   | Place    | Note
-------+----------+-------------------------------------------
     0 | D:1      | cheesebisquit the Hill Orc Fighter began the quest for the
                  | Orb.
     0 | D:1      | Reached XP level 1. HP: 19/19 MP: 1/1
    70 | D:1      | Reached skill level 3 in Axes
   147 | D:1      | Reached XP level 2. HP: 27/27 MP: 2/2
   513 | D:2      | Reached XP level 3. HP: 33/33 MP: 3/3
   719 | D:2      | Reached skill level 4 in Axes
   719 | D:2      | Reached XP level 4. HP: 28/40 MP: 4/4
   768 | D:2      | Found a faded altar of an unknown god.
   882 | D:2      | Found a snail-covered altar of Cheibriados.
  1601 | D:3      | Became a worshipper of Beogh the Brigand
  1973 | D:4      | Noticed an ogre
  1984 | D:3      | Killed an ogre
  1985 | D:3      | Reached skill level 5 in Axes
  1985 | D:3      | Reached XP level 5. HP: 27/47 MP: 5/5
  2396 | D:4      | Noticed Grinder
  2467 | D:4      | Noticed Menkaure
  2480 | D:4      | Mangled by Menkaure

Illustrated notes

Levels and vault maps discovered:
D:1:      minmay_arrival_semitransparent, layout_rooms, minmay_indecisive_spiral
D:2:      layout_rooms, basic_altar, shapermc_ecumenical_altar_mp_highgroup,
          minmay_misc_feat_encased
D:3:      layout_basic, grunt_decor_junction
D:4:      layout_basic, elyvilon_altar_5, mainiacjoe_overflow_small_starburst,
          nicolae_uskayaw_suspiria, minmay_temple_entry_mist,
          minmay_misc_feat_four_crosses, small_statue_alley_b, uniq_menkaure,
          uniq_grinder

Skill      XL: |  1  2  3  4 |
---------------+-------------+-----
Axes           | 3 4 5 |  5.2
Fighting       | 4 |  4.6
Armour         | 4 |  4.2
Shields        | 4 |  4.2

Action                     |  1- 3 |  4- 6 || total
---------------------------+-------+-------++-------
  Melee: War axe           |    76 |    84 ||   160
  Throw: Boomerang         |       |     2 ||     2
 Invoke: Convert to Beogh  |       |     1 ||     1
    Use: Potion            |       |     1 ||     1
 Armour: Scale mail        |    39 |    25 ||    64
         Chain mail        |       |    10 ||    10
  Dodge: Dodged            |    40 |    36 ||    76
  Block: Buckler           |    16 |    21 ||    37
